 Dungeon Crawl Stone Soup version 0.30-a0-897-ga2f19c967e (webtiles) character file.

Game seed: 14201141456353135555

1113 Drevant2 the Ruffian (level 7, -11/51 HPs)
             Began as a Demigod Transmuter on Mar 18, 2023.
             Mangled by a black bear (12 damage)
             ... on level 6 of the Dungeon.
             The game lasted 00:13:41 (5708 turns).

Drevant2 the Ruffian (Demigod Transmuter)           Turns: 5708, Time: 00:13:41

Health: -11/51     AC:  2    Str: 15    XL:     7   Next: 87%
Magic:  12/12      EV: 12    Int: 21    God:
Gold:   224        SH:  5    Dex: 14    Spells: 1/9 levels left

rFire   . . .      SeeInvis .    w - +7 whip "Suechaot" {flame, Int+2}
rCold   + . .      Faith    .    (no shield)
rNeg    . . .      Spirit   .    a - +0 robe
rPois   +          Reflect  +    (no helmet)
rElec   .          Rampage  .    (no cloak)
rCorr   .                        (no gloves)
Will    .....                    (no boots)
Stlth   +                        C - amulet of reflection
HPRegen 0.28/turn                d - ring of poison resistance
MPRegen 0.13/turn                i - ring of protection from cold

@: no status effects
A: high MP 1, forlorn, divine attributes
a: no special abilities


You were on level 6 of the Dungeon.
You visited 1 branch of the dungeon, and saw 6 of its levels.

You collected 224 gold pieces.

Inventory:

Hand Weapons
 p - a +0 short sword
 w - the +7 whip "Suechaot" (weapon) {flame, Int+2}
   (You found it on level 4 of the Dungeon)

   Int:       It affects your intelligence (+2).
Missiles
 o - 13 poisoned darts
 r - 3 atropa-tipped darts
 z - 2 throwing nets
Armour
 a - a +0 robe (worn)
Jewellery
 d - a ring of poison resistance (left hand)
 i - a ring of protection from cold (right hand)
 v - a ring of wizardry
 C - an amulet of reflection (around neck)
Wands
 A - a wand of quicksilver (10)
Scrolls
 c - 8 scrolls of teleportation
 e - 2 scrolls of enchant armour {unknown}
 j - a scroll of fear {unknown}
 l - 6 scrolls of identify {unknown}
 q - a scroll of poison {unknown}
 t - 3 scrolls of magic mapping {unknown}
 x - a scroll of immolation {unknown}
 y - a scroll of fog {unknown}
Potions
 b - 4 potions of lignification
 f - 2 potions of attraction {unknown}
 g - a potion of mutation {unknown}
 h - a potion of cancellation {unknown}
 k - 3 potions of haste
 m - 2 potions of curing
 n - a potion of brilliance {unknown}
 s - a potion of flight {unknown}
 u - 2 potions of heal wounds {unknown}
 B - a potion of might {unknown}


   Skills:
 - Level 0.8 Fighting
 + Level 2.4 Dodging
 - Level 6.5 Unarmed Combat
 - Level 1.7 Spellcasting
 + Level 5.9 Transmutations
 - Level 2.0 Poison Magic


You had one spell level left.
You knew the following spells:

 Your Spells              Type           Power      Damage    Failure   Level
a - Beastly Appendage     Tmut           54%        N/A       1%          1
b - Spider Form           Tmut/Pois      18%        N/A       9%          3
c - Ice Form              Ice/Tmut       14%        N/A       41%         4

Your spell library contained the following spells:

 Spells                   Type           Power      Damage    Failure   Level
 Magic Dart               Conj           4%         1d3       16%         1
 Summon Small Mammal      Summ           4%         N/A       16%         1
 Wereblood                Tmut           27%        N/A       1%          2
 Passwall                 Tmut/Erth      11%        N/A       7%          2
 Ensorcelled Hibernation  Hex/Ice        2%         N/A       22%         2
 Searing Ray              Conj           2%         2d4       22%         2
 Call Canine Familiar     Summ           1%         N/A       41%         3
 Summon Guardian Golem    Hex/Summ       1%         N/A       41%         3
 Swiftness                Air            1%         N/A       41%         3
 Fulminant Prism          Conj/Hex       0%         3d5       83%         4
 Summon Ice Beast         Ice/Summ       1%         N/A       83%         4
 Summon Mana Viper        Hex/Summ       1%         N/A       99%         5
 Monstrous Menagerie      Summ           0%         N/A       100%        7


Dungeon Overview and Level Annotations

Branches:
Dungeon (6/15)
 Temple: D:4-7


Innate Abilities, Weirdness & Mutations

You have an increased reservoir of magic. (+10% MP)
You shall have no god before yourself.
Your divine heritage dramatically boosts your attributes as you level up.


Message History

The black bear claws you. The black bear closely misses you.
The black bear claws you. You block the black bear's attack.
You whack the black bear! You burn the black bear.
The black bear is almost dead.
The black bear bites you! You block the black bear's attack.
The black bear misses you. The black bear bites you!
* * * LOW HITPOINT WARNING * * *
The black bear claws you but does no damage.
The black bear barely misses you.
You completely miss the black bear.
The black bear is almost dead.
The black bear bites you.
* * * LOW HITPOINT WARNING * * *
The black bear claws you.
* * * LOW HITPOINT WARNING * * *
The black bear completely misses you.
You barely miss the black bear.
The black bear is almost dead.
You block the black bear's attack. The black bear claws you.
* * * LOW HITPOINT WARNING * * *
The black bear barely misses you. The black bear bites you.
* * * LOW HITPOINT WARNING * * *
The black bear claws you.
* * * LOW HITPOINT WARNING * * *
The black bear claws you.
* * * LOW HITPOINT WARNING * * *
You feel better. The black bear bites you!
* * * LOW HITPOINT WARNING * * *
The black bear closely misses you. The black bear barely misses you.
The black bear completely misses you. The black bear claws you.
* * * LOW HITPOINT WARNING * * *
The black bear barely misses you.
You feel better. The black bear bites you!
* * * LOW HITPOINT WARNING * * *
The black bear claws you.
* * * LOW HITPOINT WARNING * * *
The black bear barely misses you.
Okay, then.
The black bear bites you!
You die...

#.# ####.#
..##.#
#.##.#
#.##.#
#.##.#
#.##.#
#####.##.#
#.:.@....#
#.###h####
#.# #.#
#.# ..#
###


You could see a black bear (berserk).

Vanquished Creatures
  A wyvern (D:6)
  A water moccasin (D:5)
  An ice beast (D:5)
  2 phantoms
  A bullfrog (D:6)
  2 scorpions
  A hound (D:5)
  A jelly (D:6)
  An orc priest (D:4)
  2 sleepcaps (D:5)
  2 iguanas
  Natasha (thrice) (D:3)
  3 gnolls (D:5)
  5 adders
  A white imp (D:5)
  A worm (D:2)
  3 dart slugs
  10 orcs
  7 ball pythons
  5 bats
  11 endoplasms
  3 giant cockroaches
  8 goblins
  4 hobgoblins
  6 jackals
  11 kobolds
  A quokka (D:2)
  5 frilled lizards
  3 rats
105 creatures vanquished.

Notes
Turn   | Place    | Note
-------+----------+-------------------------------------------
     0 | D:1      | Drevant2 the Demigod Transmuter began the quest for the
                  | Orb.
     0 | D:1      | Reached XP level 1. HP: 15/15 MP: 5/5
   197 | D:1      | Reached skill level 3 in Unarmed Combat
   243 | D:1      | Reached XP level 2. HP: 22/22 MP: 5/7
   768 | D:2      | HP: 1/22 [adder (3)]
   833 | D:2      | Reached XP level 3. HP: 27/27 MP: 6/8
   845 | D:2      | Learned a level 3 spell: Spider Form
  1711 | D:3      | Reached XP level 4. HP: 17/34 MP: 9/9
  2143 | D:3      | Noticed Natasha
  2151 | D:3      | Killed Natasha
  2152 | D:3      | Reached skill level 4 in Unarmed Combat
  2223 | D:3      | Noticed Natasha
  2228 | D:3      | Killed Natasha
  2349 | D:3      | Noticed Natasha
  2357 | D:3      | Killed Natasha
  2358 | D:3      | Reached XP level 5. HP: 22/39 MP: 8/10
  2900 | D:4      | Identified the +7 whip "Suechaot" {flame, Int+2}
  3415 | D:4      | Reached XP level 6. HP: 32/46 MP: 11/11
  3422 | D:4      | Reached skill level 5 in Unarmed Combat
  3766 | D:4      | Learned a level 4 spell: Ice Form
  3779 | D:5      | Entered Level 5 of the Dungeon
  4066 | D:5      | Reached skill level 5 in Transmutations
  4372 | D:5      | Noticed a water moccasin
  4384 | D:5      | Killed a water moccasin
  4385 | D:5      | Reached skill level 1 in Poison Magic
  4385 | D:5      | Reached XP level 7. HP: 23/51 MP: 12/12
  4556 | D:5      | Reached skill level 6 in Unarmed Combat
  5171 | D:6      | Noticed a wyvern
  5179 | D:6      | Killed a wyvern
  5707 | D:6      | HP: 1/51 [black bear (5)]
  5708 | D:6      | Mangled by a black bear

Illustrated notes

Levels and vault maps discovered:
D:1:      lemuel_arrival_cross, layout_basic
D:2:      layout_loops_cross, hellmonk_ecumenical_altar_crossroads
D:3:      minmay_diamond_boxcup, layout_loops_ring,
          chequers_serial_rivers_room_a, uniq_natasha
D:4:      layout_gridville
D:5:      layout_rooms, kennysheep_ying_yang
D:6:      layout_loops_ring, minivault_14, nicolae_hexahallways

Skill      XL: |  1  2  3  4  5  6  7 |
---------------+----------------------+-----
Transmutations | 2 3 4 5 |  5.9
Unarmed Combat | 3 4 5 6 |  6.5
Poison Magic   | 1 2 |  2.0
Dodging        | 2 |  2.4
Fighting       | |  0.8
Spellcasting   | |  1.7

Action                     |  1- 3 |  4- 6 |  7- 9 || total
---------------------------+-------+-------+-------++-------
  Melee: Unarmed           |   128 |    72 |       ||   200
         Kick              |    18 |    14 |       ||    32
         Headbutt          |    20 |     9 |       ||    29
         Punch             |     1 |     2 |       ||     3
         Whip              |       |    74 |    40 ||   114
   Cast: Beastly Appendage |    26 |    10 |       ||    36
    Use: Potion            |     1 |     2 |     3 ||     6
         Scroll            |       |     1 |       ||     1
   Stab: Sleeping          |       |     2 |     1 ||     3
 Armour: Robe              |    22 |    17 |     1 ||    40
  Dodge: Dodged            |    73 |    97 |    34 ||   204
  Block: Other             |       |       |     5 ||     5

Table legend: (Time is in decaauts)
 A = Elapsed time spent in this place.
 B = Non-inter-level travel time spent in this place.
 C = Inter-level travel time spent in this place.
 D = Time resting spent in this place.
 E = Time spent auto-exploring this place.
 F = Levels seen in this place.
 G = Mean time per level.
                   A        B        C        D        E       F      G
               +--------+--------+--------+--------+--------+-----+--------+
         Total |   5690 |   5443 |    247 |   1839 |   2813 |   6 |  948.3 |
       Dungeon |   5690 |   5443 |    247 |   1839 |   2813 |   6 |  948.3 |
               +--------+--------+--------+--------+--------+-----+--------+

Top non-repeatable levels by time:
     D:5: 1452 daAuts
     D:4: 1175 daAuts
     D:3: 1023 daAuts
     D:2: 864 daAuts
     D:1: 756 daAuts
     D:6: 419 daAuts
